 Dungeon Crawl Stone Soup version 0.29.1 (webtiles) character file.

Game seed: 1172065663326138910

482 Powertoast the Chopper (level 7, -8/55 (61) HPs)
             Began as a Hill Orc Monk on Sept 13, 2022.
             Was an Initiate of Yredelemnul.
             Mangled by an orc warrior
             ... wielding a +0 halberd
              (12 damage)
             ... on level 5 of the Dungeon.
             The game lasted 00:12:36 (4984 turns).

Powertoast the Chopper (Hill Orc Monk)              Turns: 4984, Time: 00:12:37

HP:   -8/55 (61)    AC:  5    Str: 14    XL:     7   Next: 12%
MP:   10/10         EV: 12    Int: 17    God:    Yredelemnul [......]
Gold: 161           SH:  5    Dex: 15    Spells: 6/6 levels left

rFire   . . .      SeeInvis .   a - +0 hand axe
rCold   . . .      Faith    .   b - +0 buckler
rNeg    . . .      Spirit   .   y - +2 leather armour {rPois}
rPois   +          Reflect  .   (no helmet)
rElec   .          Harm     .   (no cloak)
rCorr   .          Rampage  .   (no gloves)
Will    .....                   (no boots)
Stlth   +++.......              A - amulet of Ingyqa {Acrobat Int+7 Stlth+}
HPRegen 0.18/turn               (no ring)
MPRegen 0.12/turn               (no ring)

@: drained
A: no striking features
a: Renounce Religion, Recall Undead Harvest


You were on level 5 of the Dungeon.
You worshipped Yredelemnul.
Yredelemnul was noncommittal.
You visited 1 branch of the dungeon, and saw 5 of its levels.

You collected 161 gold pieces.

Inventory:

Hand Weapons
 a - a +0 hand axe (weapon)
 z - a +3 dagger of draining
Missiles
 k - 6 javelins (quivered)
 s - 2 poisoned darts
Armour
 b - a +0 buckler (worn)
 j - a +0 leather armour
 y - a +2 leather armour of poison resistance (worn)
Jewellery
 m - an amulet of magic regeneration
 A - the amulet of Ingyqa (around neck) {Acrobat Int+7 Stlth+}
   (You found it on level 4 of the Dungeon)

   [amulet of the acrobat]

   It increases your evasion while moving and waiting.
   Int:       It affects your intelligence (+7).
   Stlth:     It makes you more stealthy.
Wands
 r - a wand of polymorph (5)
 w - a wand of iceblast (10)
Scrolls
 d - 2 scrolls of butterflies {unknown}
 e - 2 scrolls of torment {unknown}
 g - a scroll of vulnerability {unknown}
 h - 2 scrolls of magic mapping {unknown}
 i - 2 scrolls of blinking {unknown}
 l - a scroll of teleportation {unknown}
 q - 3 scrolls of identify {unknown}
 t - a scroll of summoning {unknown}
 v - a scroll of silence {unknown}
 C - a scroll of poison {unknown}
Potions
 c - a potion of flight {unknown}
 f - 2 potions of lignification {unknown}
 n - a potion of invisibility {unknown}
 o - 2 potions of mutation {unknown}
 p - 2 potions of curing
 u - 2 potions of degeneration {unknown}
 x - a potion of resistance {unknown}
 B - a potion of heal wounds {unknown}


   Skills:
 + Level 5.0 Fighting
 + Level 5.0 Axes
 - Level 2.4 Dodging
 - Level 1.5 Stealth
 - Level 5.0 Shields
 - Level 5.0 Invocations


You had 6 spell levels left.
You didn't know any spells.
Your spell library was empty.

Dungeon Overview and Level Annotations

Branches:
Dungeon (5/15)
 Temple: D:4-7

Altars:
Yredelemnul


Message History

You hit the orc priest.
The orc priest is heavily wounded.
You block the orc priest's attack.
You hit the orc priest.
The orc priest is heavily wounded.
The orc priest miscasts a cantrip.
You barely miss the orc priest.
The orc priest is heavily wounded.
The orc priest barely misses you.
You hit the orc priest.
The orc priest is severely wounded.
The orc priest hits you with a +0 dagger.
You hit the orc priest.
The orc priest is almost dead.
The orc priest mumbles some strange prayers to Beogh against you.
Beogh smites you!
You hit the orc priest.
You kill the orc priest!
Training target 5.0 for Shields reached!
Training target 5.0 for Invocations reached!
Your Shields skill increases to level 5!
Your Invocations skill increases to level 5!
You need to enable at least one skill for training.
An orc warrior comes into view. It is wielding a +0 halberd.
There is a stone staircase leading up here.
Press: ? - help, v - describe, . - travel
Here: an orc warrior, wielding a +0 halberd and wearing a +0 chain mail The floor.
The orc warrior hits you with a +0 halberd!
There is a stone staircase leading up, spattered with blood here.
You hit the orc warrior but do no damage.
You block the orc warrior's attack.
You hit the orc warrior but do no damage.
The orc warrior barely misses you.
You hit the orc warrior but do no damage.
The orc warrior hits you with a +0 halberd!
* * * LOW HITPOINT WARNING * * *
The orc warrior hits you with a +0 halberd!
You die...
Your body rises from the dead as a mindless zombie.

... ... ### ## #.#
..##. ... .... #.#
######## #.. #.#
.......
######.###.###....###
.........o@..#.......
######.####.#....###
#.o.............<###
#.#######...........
#.# ######.....###
#.#####............#
#o....#.####.....#.#
#.......# #.......#
#.......# #........


You could see an orc warrior.

Vanquished Creatures
  A black bear (D:5)
  An orc priest (D:5)
  Natasha (thrice) (D:2)
  Ijyb (D:4)
  An iguana (D:4)
  Robin (D:3)
  An adder (D:2)
  An ufetubus (D:4)
  2 worms
  A dart slug (D:1)
  An orc (D:4)
  5 endoplasms
  3 giant cockroaches
  11 goblins
  10 hobgoblins
  3 jackals (D:3)
  2 quokkas (D:1)
  5 ball pythons
  4 bats
  6 frilled lizards
  7 kobolds
  13 rats
83 creatures vanquished.

Vanquished Creatures (collateral kills)
  A water moccasin (D:3)
  An adder (D:3)
  A worm (D:3)
  A dart slug (D:4)
  An endoplasm (D:3)
  A giant cockroach (D:3)
  2 quokkas
8 creatures vanquished.

Vanquished Creatures (others)
  An endoplasm zombie (D:3)
  3 goblin zombies (D:3)
  A hobgoblin zombie (D:3)
  2 jackal zombies (D:3)
  An orc zombie (D:4)
8 creatures vanquished.

Grand Total: 99 creatures vanquished

Notes
Turn   | Place    | Note
-------+----------+-------------------------------------------
     0 | D:1      | Powertoast the Hill Orc Monk began the quest for the Orb.
     0 | D:1      | Reached XP level 1. HP: 19/19 MP: 1/1
   325 | D:1      | Reached XP level 2. HP: 20/27 MP: 2/2
   972 | D:1      | Reached XP level 3. HP: 27/33 MP: 3/3
  1034 | D:1      | Reached skill level 5 in Axes
  1259 | D:2      | Noticed Natasha
  1267 | D:2      | Killed Natasha
  1268 | D:2      | Reached skill level 1 in Shields
  1435 | D:2      | Reached XP level 4. HP: 23/41 MP: 4/4
  1981 | D:2      | Noticed Natasha
  1982 | D:2      | Found a faded altar of an unknown god.
  1997 | D:2      | Killed Natasha
  2103 | D:2      | Reached skill level 5 in Fighting
  2265 | D:2      | Found a basalt altar of Yredelemnul.
  2272 | D:2      | Became a worshipper of Yredelemnul the Dark
  2272 | D:2      | Reached * piety under Yredelemnul
  2272 | D:2      | Reached ** piety under Yredelemnul
  2359 | D:2      | Noticed Natasha
  2368 | D:2      | Killed Natasha
  2369 | D:2      | Reached skill level 1 in Invocations
  2369 | D:2      | Reached XP level 5. HP: 14/48 MP: 5/5
  2745 | D:3      | Noticed Robin
  2776 | D:3      | Killed Robin
  3399 | D:3      | Noticed a water moccasin
  3413 | D:3      | Killed a water moccasin
  3414 | D:3      | Reached XP level 6. HP: 46/56 MP: 0/8
  3570 | D:3      | You fall into a shaft and drop 1 floor!
  3914 | D:4      | Noticed Ijyb
  4114 | D:4      | Killed Ijyb
  4316 | D:4      | Identified the amulet of Ingyqa {Acrobat Int+7 Stlth+}
  4923 | D:5      | Entered Level 5 of the Dungeon
  4944 | D:5      | Noticed a black bear
  4949 | D:5      | Killed a black bear
  4950 | D:5      | Reached XP level 7. HP: 48/54 MP: 10/10
  4963 | D:5      | Reached skill level 5 in Shields
  4963 | D:5      | Reached skill level 5 in Invocations
  4984 | D:5      | Mangled by an orc warrior

Illustrated notes

Levels and vault maps discovered:
D:1:      dpeg_arrival_signposts, layout_basic,
          amcnicky_mini_rare_corridor_liquid
D:2:      layout_basic, basic_altar, hellmonk_ecumenical_altar_arch_garden,
          kennysheep_generic_room_12, uniq_natasha
D:3:      layout_loops_corners, uniq_robin
D:4:      layout_basic, minmay_misc_feat_tower, uniq_ijyb
D:5:      layout_basic, minmay_temple_entry_junction, uniq_pikel

Skill      XL: |  1  2  3  4  5  6  7 |
---------------+----------------------+-----
Fighting       | 4 5 |  5.0
Axes           | 5 |  5.0
Shields        | 1 2 4 5 |  5.0
Invocations    | 1 3 4 5 |  5.0
Dodging        | |  2.4
Stealth        | |  1.5

Action                   |  1- 3 |  4- 6 |  7- 9 || total
-------------------------+-------+-------+-------++-------
Melee: Hand axe          |    77 |   198 |     9 ||   284
Throw: Javelin           |       |     1 |       ||     1
Invok: Recall Undead Har |       |     1 |       ||     1
       Dark Bargain      |       |     1 |       ||     1
Evoke: Wand              |       |     4 |       ||     4
  Use: Potion            |       |     1 |       ||     1
 Stab: Sleeping          |     1 |     6 |       ||     7
Armor: Robe              |     3 |       |       ||     3
       Leather armour    |     6 |    33 |       ||    39
       Skin              |       |     3 |       ||     3
Dodge: Dodged            |    46 |   125 |     2 ||   173
Block: Buckler           |     6 |    49 |     2 ||    57
